 Dungeon Sprint DCSS version 0.17-a0-1337-ge651487 (webtiles) character file.

4176 Kidiri the Unseen (level 10, -2/44 HPs)
             Began as a Spriggan Enchanter on June 10, 2015.
             Was the Champion of Dithmenos.
             Rolled over by a boulder beetle (46 damage)
             ... in the Dungeon (Sprint VII: "The Pits").
             The game lasted 00:10:32 (1393 turns).

Kidiri the Unseen (Spriggan Enchanter)              Turns: 1393, Time: 00:10:32

Health: -2/44      AC:  4    Str:  4    XL:     10   Next: 8%
Magic:  18/26      EV: 34    Int: 22    God:    Dithmenos [******]
Gold:   0          SH:  0    Dex: 18    Spells: 5 memorised, 20 levels left

rFire  . . .     SeeInvis +     u - +2 rapier (elec)
rCold  . . .     Clarity  .     b - +1 robe
rNeg   . . .     SustAt   .     (shield restricted)
rPois  .         Gourm    .     (helmet restricted)
rElec  .         Spirit   .     v - +0 cloak
rCorr  .         Warding  .     (gloves unavailable)
rMut   .         NoTele   +     (boots unavailable)
MR     +....                    (no amulet)
Stlth  ++++++++++               a - +3 ring of intelligence
                                r - +3 ring of evasion

@: wreathed by umbra, very quick, somewhat resistant to hostile enchantments,
uncannily stealthy
A: unfitting armour, see invisible, herbivore 3, speed 3, slow metabolism 2
a: Shadow Step, Shadow Form, Renounce Religion


You were in the Dungeon.
You worshipped Dithmenos.
Dithmenos was exalted by your worship.
You were not hungry.

You visited 1 branch

Inventory:

Hand weapons
 k - a +2 dagger
 u - a +2 rapier of electrocution (weapon)
Armour
 b - a +1 robe (worn)
 v - a +0 cloak (worn)
Jewellery
 a - a +3 ring of intelligence (right hand)
 r - a +3 ring of evasion (left hand)
Magical devices
 q - a wand of random effects (25)
Scrolls
 n - 2 scrolls of remove curse
 o - 5 scrolls of amnesia
 p - a scroll of summoning
Potions
 e - 7 potions of curing
 f - 12 potions of heal wounds
 g - 4 potions of haste
 h - 4 potions of magic
 i - 3 potions of berserk rage
 m - 2 potions of invisibility
 s - a potion of agility
 t - a potion of resistance
Books
 c - a book of Maledictions

   Spells                             Type                      Level
   a - Corona                         Hexes                        1
   b - Ensorcelled Hibernation        Hexes/Ice                    2
   c - Confuse                        Hexes                        3
   d - Tukima's Dance                 Hexes                        3
   e - Dazzling Spray                 Conjuration/Hexes            3
Comestibles
 d - 8 bread rations
 l - 40 fruits


   Skills:
 * Level 10.8 Short Blades
 * Level 13.9 Dodging
 * Level 15.0 Stealth
 * Level 11.8 Spellcasting
 + Level 4.8 Conjurations
 + Level 9.2 Hexes
 + Level 5.4 Ice Magic
 + Level 6.7 Invocations


You had 20 spell levels left.
You knew the following spells:

 Your Spells              Type           Power        Failure   Level  Hunger
a - Corona                Hex            ######.      1%          1    None
b - Ensorcelled Hibernat  Hex/Ice        #####.       1%          2    None
c - Confuse               Hex            ######..     1%          3    None
d - Tukima's Dance        Hex            ######..     1%          3    None
e - Dazzling Spray        Conj/Hex       #####...     1%          3    None


Dungeon Overview and Level Annotations

Branches:
Dungeon (1/1)

Altars:
Ashenzari
Cheibriados
Dithmenos
Elyvilon
Fedhas
Gozag
Kikubaaqudgha
Makhleb
Nemelex Xobeh
Okawaru
Qazlal
Ru
Sif Muna
Trog
Vehumet
Xom
Yredelemnul
Zin
The Shining One
Beogh
Jiyva
Lugonu


Innate Abilities, Weirdness & Mutations

You are tiny and cannot use many weapons and most armour.
You have supernaturally acute eyesight.
You are a herbivore.
You cover ground extremely quickly.
You need consume almost no food.


Message History

Confirm with . or Enter, or press ? or * to list all spells.
Aiming: Ensorcelled Hibernation
Press: ? - help, Shift-Dir - straight line, f - warg
Aim: a warg (umbra, chance to defeat MR: 52%)
The warg resists with some effort.
Your shadow mimicks your spell!
The warg easily resists.
The warg misses you.
The boulder beetle curls into a ball and starts rolling!
Casting: Ensorcelled Hibernation
Confirm with . or Enter, or press ? or * to list all spells.
Aiming: Confuse
Press: ? - help, Shift-Dir - straight line, f/p - warg
Aim: a warg (umbra, chance to defeat MR: 56%)
The warg resists with significant effort.
The warg completely misses you.
The boulder beetle smashes into the warg!
The warg dies!
You open the door. The boulder beetle smashes into you!
Ouch! That really hurt!
You die...

############ #__________#
#__________#
#.#####+##############++#
#_#)))+.+%.##............
#_#)).#.#?(##......#..#..
#######+#####............
#.......@B§§§.....§§.....
#+#####'#####).....#..#..
#.#..#..#[[##§.†.........
#.#..+..#))#####'#####o'#
#.#%.####))##.......##'†#
#.#..#..#))##.......##..#
#.#.)#..#..##.......##..#
#.##+#..#+###...<...##.o#
#)#..)....)##.......##..#


You could see a boulder beetle.

Vanquished Creatures
  An alligator snapping turtle (D)
  An orc high priest (D)
  A lindwurm (D)
  A jumping spider (D)
  A freezing wraith (D)
  A troll (D)
  A boulder beetle (D)
  A flying skull (D)
  3 wolves (D)
  A deep elf fighter (D)
  A porcupine (D)
  Duvessa (D)
  A sky beast (D)
  A necrophage (D)
  A phantom (D)
  2 orc warriors (D)
  Blork the orc (D)
  A brain worm (D)
  A wight (D)
  2 orc priests (D)
  Jessica (D)
  5 sheep (D)
  A mummy (D)
  2 gnolls (D)
  An adder (D)
  A giant eyeball (D)
  2 oozes (D)
  A giant gecko (D)
  3 orcs (D)
  A ball python (D)
  A hobgoblin (D)
  2 giant newts (D)
  A kobold (D)
  A quokka skeleton (D)
47 creatures vanquished.

Vanquished Creatures (others)
  A komodo dragon (D)
  A vampire (D)
  A warg (D)
  A sheep (D)
4 creatures vanquished.

Grand Total: 51 creatures vanquished

Notes
Turn   | Place    | Note
--------------------------------------------------------------
     0 | D        | Kidiri the Spriggan Enchanter began the quest for the Orb.
     0 | D        | Reached XP level 1. HP: 9/9 MP: 5/5
    24 | D        | Found a sacrificial altar of Ru.
    24 | D        | Found a basalt altar of Yredelemnul.
    24 | D        | Found a shadowy altar of Dithmenos.
    24 | D        | Found a deep blue altar of Sif Muna.
    24 | D        | Found a burning altar of Makhleb.
    24 | D        | Found a shimmering altar of Xom.
    24 | D        | Found an ancient bone altar of Kikubaaqudgha.
    24 | D        | Found a sparkling altar of Nemelex Xobeh.
    25 | D        | Found a glowing golden altar of the Shining One.
    25 | D        | Found a bloodstained altar of Trog.
    25 | D        | Found a shattered altar of Ashenzari.
    25 | D        | Found a white marble altar of Elyvilon.
    25 | D        | Found a snail-covered altar of Cheibriados.
    25 | D        | Found a blossoming altar of Fedhas.
    25 | D        | Found a radiant altar of Vehumet.
    25 | D        | Found a glowing silver altar of Zin.
    25 | D        | Found a corrupted altar of Lugonu.
    25 | D        | Found a viscous altar of Jiyva.
    25 | D        | Found a roughly hewn altar of Beogh.
    25 | D        | Found an iron altar of Okawaru.
    28 | D        | Became a worshipper of Dithmenos the Shadowed
    32 | D        | Found a stormy altar of Qazlal.
    32 | D        | Found an opulent altar of Gozag.
    79 | D        | Reached skill level 5 in Stealth
    79 | D        | Reached XP level 2. HP: 13/13 MP: 7/7
    83 | D        | Learned a level 2 spell: Ensorcelled Hibernation
   195 | D        | Reached skill level 6 in Stealth
   195 | D        | Reached skill level 1 in Invocations
   206 | D        | Noticed a brain worm
   207 | D        | Noticed a necrophage
   216 | D        | Killed a brain worm
   216 | D        | Acquired Dithmenos's first power
   216 | D        | Reached skill level 7 in Stealth
   216 | D        | Reached skill level 5 in Spellcasting
   216 | D        | Reached skill level 1 in Ice Magic
   216 | D        | Reached XP level 3. HP: 16/16 MP: 3/10
   216 | D        | Reached XP level 4. HP: 21/21 MP: 3/12
   324 | D        | Learned a level 3 spell: Confuse
   328 | D        | Learned a level 3 spell: Tukima's Dance
   341 | D        | Learned a level 3 spell: Dazzling Spray
   346 | D        | Killed a necrophage
   346 | D        | Reached skill level 5 in Short Blades
   346 | D        | Reached skill level 8 in Stealth
   346 | D        | Reached skill level 1 in Conjurations
   346 | D        | Reached skill level 5 in Hexes
   346 | D        | Reached XP level 5. HP: 24/24 MP: 9/14
   441 | D        | Noticed Jessica
   441 | D        | Noticed a deep elf fighter
   446 | D        | Noticed a phantom
   459 | D        | Killed Jessica
   459 | D        | Acquired Dithmenos's second power
   471 | D        | Killed a phantom
   471 | D        | Reached skill level 9 in Stealth
   471 | D        | Reached XP level 6. HP: 28/28 MP: 0/17
   589 | D        | Killed a deep elf fighter
   589 | D        | Acquired Dithmenos's third power
   589 | D        | Reached skill level 10 in Stealth
   597 | D        | Noticed Duvessa
   599 | D        | Killed Duvessa
   599 | D        | Reached XP level 7. HP: 32/32 MP: 19/19
   601 | D        | Noticed a flying skull
   611 | D        | Killed a flying skull
   611 | D        | Reached skill level 10 in Dodging
   611 | D        | Reached skill level 11 in Stealth
   638 | D        | Noticed Blork the orc
   638 | D        | Noticed an orc priest
   640 | D        | Killed an orc priest
   642 | D        | Killed Blork the orc
   644 | D        | Acquired Dithmenos's fourth power
   663 | D        | Noticed a porcupine
   663 | D        | Noticed a lindwurm
   665 | D        | Killed a lindwurm
   665 | D        | Reached skill level 12 in Stealth
   665 | D        | Reached skill level 5 in Invocations
   665 | D        | Reached XP level 8. HP: 36/36 MP: 16/22
   666 | D        | Killed a porcupine
   792 | D        | Noticed a sky beast
   794 | D        | Noticed an alligator snapping turtle
   799 | D        | Killed a sky beast
   809 | D        | Killed an alligator snapping turtle
   809 | D        | Reached skill level 13 in Stealth
   809 | D        | Reached skill level 10 in Spellcasting
   809 | D        | Reached XP level 9. HP: 39/39 MP: 17/24
   858 | D        | Noticed a freezing wraith
   858 | D        | Noticed an orc high priest
   858 | D        | Noticed a troll
   858 | D        | Noticed an orc warrior
   858 | D        | Noticed an orc priest
   858 | D        | Noticed a jumping spider
   858 | D        | Noticed a komodo dragon
   858 | D        | Noticed a boulder beetle
   860 | D        | Killed an orc priest
   864 | D        | Noticed a rust devil
   864 | D        | Killed a komodo dragon
   865 | D        | Killed an orc high priest
   865 | D        | Reached skill level 14 in Stealth
   870 | D        | Killed a jumping spider
   870 | D        | Reached skill level 10 in Short Blades
   870 | D        | Reached skill level 5 in Ice Magic
   949 | D        | Killed a freezing wraith
  1004 | D        | Killed a troll
  1041 | D        | Killed an orc warrior
  1095 | D        | Noticed a wolf
  1098 | D        | Noticed a wolf
  1098 | D        | Noticed a wight
  1099 | D        | Noticed a wolf
  1099 | D        | Noticed a warg
  1102 | D        | Killed a wolf
  1104 | D        | Noticed a vampire
  1104 | D        | Noticed a wight
  1107 | D        | Noticed a wight
  1118 | D        | Killed a vampire
  1128 | D        | Killed a boulder beetle
  1141 | D        | Killed a wight
  1143 | D        | Noticed an orc warrior
  1152 | D        | Killed a wolf
  1152 | D        | Reached XP level 10. HP: 15/44 MP: 8/26
  1158 | D        | Killed a wolf
  1366 | D        | Noticed a boulder beetle
  1388 | D        | Killed an orc warrior
  1388 | D        | Reached skill level 15 in Stealth
  1390 | D        | Killed a warg
  1393 | D        | Rolled over by a boulder beetle

Vault maps used:
D:        pitsprint

Action                   |  1- 3 |  4- 6 |  7- 9 | 10-12 || total
-------------------------+-------+-------+-------+-------++-------
Melee: Dagger            |    12 |    17 |    14 |       ||    43
       Rapier            |       |       |    39 |    10 ||    49
 Cast: Ensorcelled Hiber |     2 |     6 |    16 |     6 ||    30
       Confuse           |       |     3 |     7 |     1 ||    11
Invok: Shadow Step       |       |       |     3 |       ||     3
  Use: Scroll            |       |       |     2 |       ||     2
 Stab: Sleeping          |     6 |     7 |    16 |     3 ||    32
       Confused          |       |     3 |     7 |       ||    10
